ORI
UNIVERSITY OF OKLAHOMA SOONERS @ UNIVERSITY OF CONNETICUT HUSKIES
08/25/2045
 
TOP OF THE 1ST
University of Oklahoma Sooners batting - Pitching for University of Conneticut Huskies : RHP Toshinobu Funaki
Pitching: RHP Toshinobu Funaki
Batting: RHB Ruben Arreola 0-0: Ball
1-0: Swinging Strike
1-1: Foul Ball, location: 2F
1-2: Ball
2-2: Foul Ball, location: 2F
2-2: Strikes out swinging
Batting: RHB Estevan Carrillo 0-0: Called Strike
0-1: Ball
1-1: Ball
2-1: Foul Ball, location: 2F
2-2: Fly out, F8 (Flyball, 8RXD, EV 91.2 MPH)
Batting: LHB Jeremy Rideout 0-0: Ball
1-0: Ball
2-0: Swinging Strike
2-1: Ball
3-1: Ground out 4-3 (Groundball, 4, EV 98.8 MPH)
Top of the 1st over - 0 runs, 0 hits, 0 errors, 0 left on base; University of Oklahoma 0 - University of Conneticut 0
BOTTOM OF THE 1ST
University of Conneticut Huskies batting - Pitching for University of Oklahoma Sooners : RHP Tom Gordam
Pitching: RHP Tom Gordam
Batting: RHB Alfredo Reguera 0-0: Ground out 5-3 (Groundball, 5, EV 82.5 MPH)
Batting: RHB Scott Webb 0-0: Ball
1-0: Swinging Strike
1-1: Foul Ball, location: 2F
1-2: Foul Ball, location: 2F
1-2: Foul Ball, location: 2F
1-2: Strikes out swinging
Batting: RHB Hector Barajas 0-0: Ball
1-0: Foul Ball, location: 2F
1-1: Foul Ball, location: 2F
1-2: Ball
2-2: Foul Ball, location: 2F
2-2: Foul Ball, location: 2F
2-2: Ball
3-2: Foul Ball, location: 2F
3-2: Foul Ball, location: 2F
3-2: Fly out, F4 (Popup, 4M, EV 68.8 MPH)
Bottom of the 1st over - 0 runs, 0 hits, 0 errors, 0 left on base; University of Oklahoma 0 - University of Conneticut 0
TOP OF THE 2ND
University of Oklahoma Sooners batting - Pitching for University of Conneticut Huskies : RHP Toshinobu Funaki
Batting: RHB Han Caspers 0-0: Ball
1-0: Ball
2-0: Called Strike
2-1: SINGLE (Line Drive, 89S, EV 91.2 MPH)
Batting: LHB Alex Gutierrez 0-0: Ball
1-0: DOUBLE (Line Drive, 89XD, EV 96.9 MPH)
Han Caspers to third
Batting: SHB Markus Woolridge 0-0: Ball
1-0: Ball
2-0: SINGLE (Groundball, 4MD, EV 104.4 MPH)
Han Caspers scores
Alex Gutierrez to third
Runner from 3rd tries for Home, throw by CF and OUT! 8-2
Batting: RHB Leo Lopez 0-0: Ball
1-0: SINGLE (Flyball, 34D, EV 91.2 MPH)
Markus Woolridge to second
Batting: RHB Victor Borras 0-0: Fly out, F4 (Popup, 34S, EV 86.2 MPH)
Batting: RHB Jim Unknown 0-0: Ball
1-0: Swinging Strike
1-1: Swinging Strike
1-2: Foul Ball, location: 2F
1-2: Ball
2-2: Fielders Choice at 2nd, 6-4 (Groundball, 6, EV 101.2 MPH)
Top of the 2nd over - 1 run, 4 hits, 0 errors, 2 left on base; University of Oklahoma 1 - University of Conneticut 0
BOTTOM OF THE 2ND
University of Conneticut Huskies batting - Pitching for University of Oklahoma Sooners : RHP Tom Gordam
Batting: RHB Bill Stern 0-0: Ball
1-0: Swinging Strike
1-1: Ground out 5-3 (Groundball, 56, EV 82.5 MPH)
Batting: RHB Jorge Dominguez 0-0: Foul Ball, location: 2F
0-1: Foul Ball, location: 2F
0-2: Ball
1-2: Ball
2-2: Ground out 5-3 (Groundball, 56, EV 88.8 MPH)
Batting: LHB Bill Kovac 0-0: Ball
1-0: Ball
2-0: Swinging Strike
2-1: Ball
3-1: Ground out 6-3 (Groundball, 6, EV 80.0 MPH)
Bottom of the 2nd over - 0 runs, 0 hits, 0 errors, 0 left on base; University of Oklahoma 1 - University of Conneticut 0
TOP OF THE 3RD
University of Oklahoma Sooners batting - Pitching for University of Conneticut Huskies : RHP Toshinobu Funaki
Batting: RHB Ruben Arreola 0-0: Fly out, F8 (Flyball, 8RM, EV 83.1 MPH)
Batting: RHB Estevan Carrillo 0-0: Called Strike
0-1: Ground out 4-3 (Groundball, 4, EV 82.5 MPH)
Batting: LHB Jeremy Rideout 0-0: Called Strike
0-1: Foul Ball, location: 2F
0-2: Ball
1-2: Ball
2-2: Foul Ball, location: 2F
2-2: Ball
3-2: Foul Ball, location: 2F
3-2: SINGLE (Line Drive, 4MD, EV 95.6 MPH)
Batting: RHB Han Caspers 0-0: Ball
1-0: Called Strike
1-1: Foul Ball, location: 2F
1-2: Ball
2-2: SINGLE (Groundball, 56D, EV 108.1 MPH)
Jeremy Rideout to second
Batting: LHB Alex Gutierrez 0-0: Fielders Choice at 2nd, 6-4 (Groundball, 6, EV 86.9 MPH)
Top of the 3rd over - 0 runs, 2 hits, 0 errors, 2 left on base; University of Oklahoma 1 - University of Conneticut 0
BOTTOM OF THE 3RD
University of Conneticut Huskies batting - Pitching for University of Oklahoma Sooners : RHP Tom Gordam
Batting: SHB Chris Handelman 0-0: Fly out, F8 (Flyball, 78M, EV 93.8 MPH)
Batting: LHB Clint Hanninen 0-0: Ball
1-0: SINGLE (Line Drive, 34D, EV 101.2 MPH)
Batting: LHB Javy Rueda 0-0: Called Strike
0-1: Foul Ball, location: 2F
0-2: DOUBLE (Flyball, 8LXD, EV 113.1 MPH)
Clint Hanninen to third
Runner from 3rd tries for Home, SAFE, throw by CF to home
Batting: RHB Alfredo Reguera 0-0: Called Strike
0-1: Ball
1-1: Ball
2-1: Ball
3-1: Swinging Strike
3-2: DOUBLE (Flyball, 8LD, EV 108.8 MPH)
Javy Rueda scores
Batting: RHB Scott Webb 0-0: Ball
1-0: SINGLE (Groundball, 34, EV 96.2 MPH)
Alfredo Reguera to third
Runner from 3rd tries for Home, SAFE, throw by RF to home
Now in RF: Min-zhong Ching
Batting: RHB Hector Barajas 0-0: Ball
1-0: Called Strike
Scott Webb is caught stealing 2nd base 2-4
1-1: Foul Ball, location: 2F
1-2: Foul Ball, location: 2F
1-2: Ball
2-2: Ground out 1-3 (Groundball, 13S, EV 72.5 MPH)
Bottom of the 3rd over - 3 runs, 4 hits, 0 errors, 0 left on base; University of Oklahoma 1 - University of Conneticut 3
TOP OF THE 4TH
University of Oklahoma Sooners batting - Pitching for University of Conneticut Huskies : RHP Toshinobu Funaki
Batting: SHB Markus Woolridge 0-0: Swinging Strike
SINGLE, rundown, safe at 1st
Batting: RHB Leo Lopez 0-0: Ball
1-0: Swinging Strike
1-1: SINGLE (Groundball, 4D, EV 99.4 MPH)
Markus Woolridge to second
Runner from 2nd tries for 3rd, SAFE, throw by CF made to third
Batting: RHB Victor Borras 0-0: Ball
Passed Ball!
Markus Woolridge scores
Leo Lopez to second
1-0: Foul Ball, location: 2F
1-1: Ball
Wild Pitch!
Leo Lopez to third
2-1: Ball
3-1: Fly out, F9 (Flyball, 9LS, EV 88.8 MPH)
Batting: RHB Jim Unknown 0-0: Ball
1-0: Called Strike
1-1: SINGLE (Groundball, 6MD, EV 103.1 MPH)
Leo Lopez scores
Batting: RHB Ruben Arreola 0-0: Called Strike
0-1: Ball
1-1: Ball
2-1: Fly out, F7 (Flyball, 7LM, EV 94.4 MPH)
Batting: RHB Estevan Carrillo 0-0: Ball
1-0: Called Strike
1-1: Called Strike
1-2: DOUBLE (Groundball, 5L, EV 103.1 MPH)
Jim Unknown to third
Batting: LHB Jeremy Rideout 0-0: DOUBLE (Line Drive, 8RD, EV 103.8 MPH)
Jim Unknown scores
Estevan Carrillo scores
Pitching: RHP Euan Irvine
Batting: RHB Han Caspers 0-0: Foul Ball, location: 2F
0-1: Ball
1-1: Ball
2-1: Ball
3-1: Called Strike
3-2: SINGLE (Line Drive, 34D, EV 99.4 MPH)
Jeremy Rideout to third
Runner from 3rd tries for Home, SAFE, throw by RF to home
Batting: LHB Min-zhong Ching 0-0: Ball
1-0: Fly out, F8 (Flyball, 8LD, EV 95.6 MPH)
Top of the 4th over - 5 runs, 6 hits, 0 errors, 1 left on base; University of Oklahoma 6 - University of Conneticut 3
BOTTOM OF THE 4TH
University of Conneticut Huskies batting - Pitching for University of Oklahoma Sooners : RHP Tom Gordam
Batting: RHB Bill Stern 0-0: Ball
1-0: Called Strike
1-1: Foul Ball, location: 2F
1-2: SOLO HOME RUN (Flyball, 7D, EV 101.9 MPH), Distance : 374 ft
Batting: RHB Jorge Dominguez 0-0: Ball
1-0: Foul Ball, location: 2F
1-1: Ground out 5-3 (Groundball, 56S, EV 76.9 MPH)
Batting: LHB Bill Kovac 0-0: DOUBLE (Flyball, 8RXD, EV 113.8 MPH)
Batting: SHB Chris Handelman 0-0: Ball
1-0: Ball
2-0: Swinging Strike
2-1: Foul Ball, location: 2F
2-2: Strikes out looking
Batting: LHB Clint Hanninen 0-0: Ball
1-0: Foul Ball, location: 2F
1-1: Called Strike
1-2: Ball
2-2: SINGLE (Groundball, 4, EV 95.6 MPH)
Bill Kovac to third
Runner from 3rd tries for Home, SAFE, throw by CF to home
Pitching: LHP Doug Lacenaire
Batting: LHB Javy Rueda 0-0: Ball
1-0: Ball
2-0: Fly out, F8 (Flyball, 78M, EV 91.2 MPH)
Bottom of the 4th over - 2 runs, 3 hits, 0 errors, 1 left on base; University of Oklahoma 6 - University of Conneticut 5
TOP OF THE 5TH
University of Oklahoma Sooners batting - Pitching for University of Conneticut Huskies : RHP Euan Irvine
Batting: SHB Markus Woolridge 0-0: Ball
1-0: Ground out 3-1 (Groundball, 34, EV 101.9 MPH)
Batting: RHB Leo Lopez 0-0: Ball
1-0: Ground out 6-3 (Groundball, 6, EV 88.1 MPH)
Batting: RHB Victor Borras 0-0: Ball
1-0: Ball
2-0: Ball
3-0: Called Strike
3-1: Base on Balls
Batting: RHB Jim Unknown 0-0: Called Strike
0-1: Ball
1-1: Foul Ball, location: 2F
1-2: Fielders Choice at 2nd, 6-4 (Groundball, 6, EV 93.8 MPH)
Top of the 5th over - 0 runs, 0 hits, 0 errors, 1 left on base; University of Oklahoma 6 - University of Conneticut 5
BOTTOM OF THE 5TH
University of Conneticut Huskies batting - Pitching for University of Oklahoma Sooners : LHP Doug Lacenaire
Batting: RHB Alfredo Reguera 0-0: Foul Ball, location: 2F
0-1: Ball
1-1: Called Strike
1-2: Ground out 6-3 (Groundball, 6, EV 85.0 MPH)
Batting: RHB Scott Webb 0-0: Ball
1-0: Ball
2-0: Foul Ball, location: 2F
2-1: SINGLE (Line Drive, 78S, EV 103.1 MPH)
Batting: RHB Hector Barajas 0-0: Fielders Choice at 2nd, 6-4 (Groundball, 6, EV 83.8 MPH)
Batting: RHB Bill Stern 0-0: Ball
1-0: Swinging Strike
1-1: Ball
2-1: Foul Ball, location: 2F
2-2: 2-RUN HOME RUN (Flyball, 9D, EV 100.6 MPH), Distance : 404 ft
Batting: RHB Jorge Dominguez 0-0: Fly out, F8 (Flyball, 89M, EV 78.1 MPH)
Bottom of the 5th over - 2 runs, 2 hits, 0 errors, 0 left on base; University of Oklahoma 6 - University of Conneticut 7
TOP OF THE 6TH
University of Oklahoma Sooners batting - Pitching for University of Conneticut Huskies : RHP Euan Irvine
Batting: RHB Ruben Arreola 0-0: Ball
1-0: Ball
2-0: DOUBLE (Flyball, 89D, EV 102.5 MPH)
Batting: RHB Estevan Carrillo 0-0: Ball
1-0: Ball
2-0: Called Strike
2-1: Called Strike
2-2: Ground out 6-3 (Groundball, 6, EV 80.0 MPH)
Batting: LHB Jeremy Rideout 0-0: Ball
1-0: Ball
2-0: Called Strike
2-1: 2-RUN HOME RUN (Flyball, 89XD, EV 115.6 MPH), Distance : 429 ft
Batting: RHB Han Caspers 0-0: Fly out, F7 (Line Drive, 7, EV 88.1 MPH)
Batting: LHB Min-zhong Ching 0-0: SINGLE (Line Drive, 78M, EV 95.0 MPH)
Batting: SHB Markus Woolridge 0-0: Ball
Min-zhong Ching is caught stealing 2nd base 2-6
Top of the 6th over - 2 runs, 3 hits, 0 errors, 0 left on base; University of Oklahoma 8 - University of Conneticut 7
BOTTOM OF THE 6TH
University of Conneticut Huskies batting - Pitching for University of Oklahoma Sooners : LHP Doug Lacenaire
Batting: LHB Bill Kovac 0-0: Ball
1-0: Ball
2-0: Called Strike
2-1: Ground out 4-3 (Groundball, 4, EV 85.0 MPH)
Batting: SHB Chris Handelman 0-0: Ball
1-0: Ground out 5-3 (Groundball, 56, EV 85.0 MPH)
Batting: LHB Clint Hanninen 0-0: Fly out, F8 (Flyball, 8RD, EV 83.1 MPH)
Bottom of the 6th over - 0 runs, 0 hits, 0 errors, 0 left on base; University of Oklahoma 8 - University of Conneticut 7
TOP OF THE 7TH
University of Oklahoma Sooners batting - Pitching for University of Conneticut Huskies : RHP Euan Irvine
Batting: SHB Markus Woolridge 0-0: Called Strike
0-1: Ball
1-1: Ground out 4-3 (Groundball, 4, EV 104.4 MPH)
Batting: RHB Leo Lopez 0-0: Fly out, F2 (Popup, 2R, EV 91.9 MPH)
Batting: RHB Victor Borras 0-0: Foul Ball, location: 2F
0-1: Ball
1-1: Foul Ball, location: 2F
1-2: Reached via error on a dropped throw from 1B, E1 (Groundball, 34S, EV 90.6 MPH)
Batting: RHB Jim Unknown 0-0: Ball
1-0: Ball
2-0: Ball
3-0: Called Strike
3-1: Foul Ball, location: 2F
3-2: SINGLE (Flyball, 8LS, EV 89.4 MPH)
Victor Borras to second
Victor Borras to third
Batting: RHB Ruben Arreola 0-0: Called Strike
0-1: Fly out, F8 (Flyball, 8RD, EV 93.1 MPH)
Top of the 7th over - 0 runs, 1 hit, 1 error, 2 left on base; University of Oklahoma 8 - University of Conneticut 7
BOTTOM OF THE 7TH
University of Conneticut Huskies batting - Pitching for University of Oklahoma Sooners : LHP Doug Lacenaire
Batting: LHB Javy Rueda 0-0: Ball
1-0: Foul Ball, location: 2F
1-1: SINGLE (Flyball, 56D, EV 93.8 MPH) - OUT at second base trying to stretch hit.
Batting: RHB Alfredo Reguera 0-0: Ground out 5-3 (Groundball, 56, EV 100.0 MPH)
Batting: RHB Scott Webb 0-0: Reached on error, E5 (Groundball, 56, EV 94.4 MPH)
Batting: RHB Hector Barajas 0-0: Called Strike
0-1: Foul Ball, location: 2F
0-2: Ball
1-2: Ground out U3 (Groundball, 3, EV 80.6 MPH)
Bottom of the 7th over - 0 runs, 1 hit, 1 error, 1 left on base; University of Oklahoma 8 - University of Conneticut 7
TOP OF THE 8TH
University of Oklahoma Sooners batting - Pitching for University of Conneticut Huskies : RHP Euan Irvine
Pitching: RHP Boboy Cacabelos
Batting: RHB Estevan Carrillo 0-0: Swinging Strike
0-1: Called Strike
0-2: Foul Ball, location: 2F
0-2: Ball
1-2: Strikes out swinging
Batting: LHB Jeremy Rideout 0-0: Ball
1-0: Called Strike
1-1: DOUBLE (Line Drive, 8RD, EV 101.2 MPH)
Batting: RHB Han Caspers 0-0: Intentional Walk
Batting: LHB Min-zhong Ching 0-0: Foul Ball, location: 2F
0-1: Ball
1-1: Fielders Choice at 2nd, 4-6 (Groundball, 4, EV 83.8 MPH)
Jeremy Rideout to third
Batting: SHB Markus Woolridge 0-0: Ball
1-0: Called Strike
1-1: Ball
2-1: Swinging Strike
2-2: Ball
3-2: Base on Balls
Min-zhong Ching to second
Batting: RHB Leo Lopez 0-0: Fielders Choice at 2nd, 6-4 (Groundball, 6, EV 105.6 MPH)
Top of the 8th over - 0 runs, 1 hit, 0 errors, 3 left on base; University of Oklahoma 8 - University of Conneticut 7
BOTTOM OF THE 8TH
University of Conneticut Huskies batting - Pitching for University of Oklahoma Sooners : LHP Doug Lacenaire
Pitching: LHP Brandon Lahoda
Batting: RHB Bill Stern 0-0: Called Strike
0-1: Foul Ball, location: 2F
0-2: Foul Ball, location: 2F
0-2: Ball
1-2: Strikes out swinging, 2-3 out at first.
Batting: RHB Jorge Dominguez 0-0: Called Strike
0-1: DOUBLE (Flyball, 9LD, EV 105.6 MPH)
Pinch Hitting: RHB Juan Vasquez 0-0: Ball
1-0: Foul Ball, location: 2F
1-1: Foul Ball, location: 2F
1-2: Ball
2-2: SINGLE (Groundball, 6D, EV 105.0 MPH)
Jorge Dominguez to third
Runner from 3rd tries for Home, throw by CF and OUT! 8-2
Pinch Hitting: RHB Hugo Priego 0-0: Ground out 1-3 (Groundball, 13S, EV 69.4 MPH)
Bottom of the 8th over - 0 runs, 2 hits, 0 errors, 1 left on base; University of Oklahoma 8 - University of Conneticut 7
TOP OF THE 9TH
University of Oklahoma Sooners batting - Pitching for University of Conneticut Huskies : RHP Boboy Cacabelos
Now at 1B: Enzo Aguello
Now in LF: Cody Leonard
Batting: RHB Victor Borras 0-0: Called Strike
0-1: Foul Ball, location: 2F
0-2: Ball
1-2: Strikes out looking
Batting: RHB Jim Unknown 0-0: Ball
1-0: Foul Ball, location: 2F
1-1: Foul Ball, location: 2F
1-2: Ball
2-2: Foul Ball, location: 2F
2-2: Ground out 5-3 (Groundball, 56, EV 88.1 MPH)
Batting: RHB Ruben Arreola 0-0: Ball
1-0: SINGLE (Groundball, 6S, EV 100.0 MPH)
Batting: RHB Estevan Carrillo 0-0: Called Strike
0-1: Called Strike
0-2: Strikes out swinging
Top of the 9th over - 0 runs, 1 hit, 0 errors, 1 left on base; University of Oklahoma 8 - University of Conneticut 7
BOTTOM OF THE 9TH
University of Conneticut Huskies batting - Pitching for University of Oklahoma Sooners : LHP Brandon Lahoda
Pitching: RHP Alberto Zumaya
Batting: LHB Clint Hanninen 0-0: Called Strike
0-1: Ground out 4-3 (Groundball, 4, EV 85.6 MPH)
Batting: LHB Javy Rueda 0-0: Swinging Strike
0-1: Ball
1-1: Single, Error in OF, E8, batter to second base (Groundball, 6M, EV 96.9 MPH)
Batting: RHB Alfredo Reguera 0-0: Foul Ball, location: 2F
0-1: Ball
1-1: Swinging Strike
1-2: Ball
2-2: Ball
3-2: Fly out, F8 (Flyball, 8RD, EV 101.9 MPH)
Batting: RHB Scott Webb 0-0: Fly out, F7 (Line Drive, 7, EV 88.8 MPH)
Bottom of the 9th over - 0 runs, 1 hit, 1 error, 1 left on base; University of Oklahoma 8 - University of Conneticut 7
Wednesday, June 22nd , 2022 - OOTP Baseball 23.4 Build 64